AoeStats
← Chino_malo

Arena

510018673Analyzed
2v2 RM · 1d ago on Sep 29, 2026· 61m 43s· 4 players
Game mode
Random Map
Map size
Medium (4 player)
Population
200
Speed
Normal
Resources
Standard
Victory
Conquest
Starting age
Dark Age
Ending age
Imperial Age
RankedLock teamsTeams togetherTeam positionsShared explorationLock speedFull tech treeHidden civsTurbo modeCheats
Victory
Defeat
🇨🇱 Aztecs · Chile
896
+17
🇨🇱 Teutons · Chile
896
+17
🇧🇷 Portuguese · Brazil
932
-17
🇧🇷 Danes · Brazil
924
-17
Gol D. Pichoyito
10:49 Feudal Age
14:26 Castle Age
12:39 Double-Bit Axe
12:49 Horse Collar
15:31 Bow Saw
15:23 Heavy Plow
20:51 Wheelbarrow
20:47 Loom
25:49 Town Watch
28:39 Imperial Age
28:14 Hand Cart
27:59 Town Patrol
27:52 Fletching
28:02 Padded Archer Armor
28:29 Gold Mining
28:31 Stone Mining
29:03 Bodkin Arrow
29:30 Ballistics
28:56 Elite Skirmisher
30:56 Chemistry
30:34 Bracer
31:39 Leather Archer Armor
31:35 Forging
31:25 Scale Mail Armor
33:13 Iron Casting
32:53 Chain Mail Armor
33:23 Conscription
35:11 Blast Furnace
34:41 Plate Mail Armor
34:15 Squires
34:00 Arson
35:25 Crop Rotation
35:37 Gold Shaft Mining
35:37 Stone Shaft Mining
35:27 Atlatl
34:52 Elite Jaguar Warrior
37:00 Garland Wars
37:14 Atlatl
47:16 Onager
49:20 Pikeman
58:13 Siege Engineers
58:25 Redemption
58:36 Block Printing
58:34 Fervor
58:52 Illumination
58:27 Atonement
58:28 Devotion
58:48 Sanctity
58:49 Heresy
59:05 Theocracy
59:02 Atonement
59:12 Fervor
59:18 Block Printing
60:09 Sanctity
59:50 Devotion
60:16 Illumination
59:47 Herbal Medicine
60:27 Theocracy
60:13 Heresy
60:55 Faith
Chino_malo
1:40 Loom
10:53 Feudal Age
11:25 Horse Collar
14:17 Double-Bit Axe
18:16 Castle Age
20:22 Pikeman
23:09 Heavy Plow
27:24 Ironclad
28:24 Gambesons
28:39 Squires
28:34 Arson
29:43 Scale Mail Armor
31:27 Wheelbarrow
30:38 Town Watch
37:32 Imperial Age
36:08 Hand Cart
35:54 Town Patrol
36:41 Forging
38:12 Halberdier
39:07 Fletching
39:52 Iron Casting
39:32 Chain Mail Armor
40:30 Cavalier
41:21 Bloodlines
41:18 Scale Barding Armor
46:06 Paladin
48:04 Elite Teutonic Knight
51:28 Chain Barding Armor
53:08 Chemistry
52:28 Ballistics
56:57 Plate Barding Armor
57:23 Blast Furnace
Rafins
11:18 Feudal Age
15:11 Castle Age
13:05 Double-Bit Axe
13:03 Horse Collar
19:13 Gold Mining
19:14 Stone Mining
19:37 Bow Saw
19:28 Heavy Plow
22:40 Wheelbarrow
25:32 Gold Shaft Mining
25:25 Hand Cart
26:40 Loom
31:26 Imperial Age
28:47 Town Watch
29:18 Fletching
29:29 Padded Archer Armor
31:33 Forging
31:25 Scale Mail Armor
31:20 Bodkin Arrow
31:59 Ballistics
33:16 Conscription
33:25 Chain Mail Armor
33:46 Iron Casting
33:04 Cranequins
35:16 Plate Mail Armor
34:46 Bracer
35:02 Leather Archer Armor
35:58 Blast Furnace
35:46 Hoardings
35:15 Arson
35:32 Squires
35:19 Gambesons
35:25 Man-at-Arms
35:51 Long Swordsman
36:56 Two-Handed Swordsman
37:37 Champion
46:25 Husbandry
46:36 Bloodlines
45:49 Light Cavalry
46:41 Scale Barding Armor
47:10 Ring Archer Armor
47:38 Chain Barding Armor
52:13 Plate Barding Armor
Backpack
11:18 Feudal Age
15:46 Castle Age
16:27 Double-Bit Axe
16:26 Horse Collar
17:50 Loom
23:50 Wheelbarrow
27:35 Hand Cart
29:00 Bow Saw
29:24 Heavy Plow
33:17 Imperial Age
32:09 Fortified Wall
33:06 Light Cavalry
33:57 Bloodlines
40:36 Chemistry
39:57 Ballistics
44:10 Elite Organ Gun
49:26 Bombard Tower
50:25 Pikeman
51:13 Halberdier
54:17 Forging
54:08 Scale Mail Armor
54:14 Scale Barding Armor
54:09 Padded Archer Armor
54:00 Fletching
58:53 Iron Casting
Connection lost

Rejoining the realm…

Still unreachable

The connection could not be restored.

Session expired

The server has moved on; the page needs a fresh start.